 Dungeon Crawl Stone Soup version 0.29-a0-241-g20d21d4356 (webtiles) character file.

Game seed: 7450071142639020912

8 Morbidden the Skirmisher (level 2, 24/24 HPs)
             Began as a Demonspawn Fighter on Mar 4, 2022.
             Quit the game on level 1 of the Dungeon.
             The game lasted 00:00:16 (105 turns).

Morbidden the Skirmisher (Demonspawn Fighter)        Turns: 105, Time: 00:00:16

Health: 24/24      AC:  6    Str: 16    XL:     2   Next: 0%
Magic:  2/2        EV:  8    Int:  9    God:
Gold:   0          SH:  4    Dex: 12    Spells: 1/1 levels left

rFire   . . .      SeeInvis .   a - +0 long sword
rCold   . . .      Faith    .   c - +0 buckler
rNeg    . . .      Spirit   .   b - +0 scale mail
rPois   .          Reflect  .   (no helmet)
rElec   .          Harm     .   (no cloak)
rCorr   .          Rampage  .   (no gloves)
Will    .....                   (no boots)
Stlth   ..........              (no amulet)
HPRegen 0.08/turn               (no ring)
MPRegen 0.08/turn               (no ring)

@: no status effects
A: demonic touch 1
a: no special abilities


You were on level 1 of the Dungeon.
You visited 1 branch of the dungeon, and saw 1 of its levels.

Inventory:

Hand Weapons
 a - a +0 long sword (weapon)
Armour
 b - a +0 scale mail (worn)
 c - a +0 buckler (worn)
Potions
 d - a potion of might


   Skills:
 + Level 3.2 Fighting
 + Level 1.7 Long Blades
 + Level 2.7 Armour
 + Level 3.0 Shields


You had one spell level left.
You didn't know any spells.
Your spell library was empty.

Dungeon Overview and Level Annotations

Branches:
Dungeon (1/15)

Altars:

Shops:
D:1 =


Innate Abilities, Weirdness & Mutations

Your touch may inflict minor irresistible damage on your foes.


Message History

You hit the giant cockroach.
You kill the giant cockroach!
No target in view!
No target in view!
No target in view!
No target in view!
No target in view!
No target in view!
No target in view!
No target in view!
No target in view!
No target in view!
No target in view!
No target in view!
No target in view!
No target in view!
No target in view!
No target in view!
No target in view!
No target in view!
No target in view!
No target in view!
No target in view!
No target in view!
No target in view!
No target in view!
No target in view!
No target in view!
HP restored.
You see here a giant cockroach corpse.
There is an open door here.
A giant cockroach comes into view.
A giant cockroach is nearby!
You slash the giant cockroach!
You kill the giant cockroach!
You have reached level 2!
Your demonic ancestry asserts itself...
Your hands begin to faintly glow with unholy energy.
A giant cockroach comes into view.
Are you sure you want to abandon this character and quit the game? (Confirm with "yes".)

####.# ..#.# ##.#.#
..#.########
..........#####
##..###........#
#.B.###........#
###@..#........#####
#.....#........'....
####..#.###....#####
#.....#†# #....#
###...#'###....#
#........##....#
##.......#####.#
+.................
#.................


You could see a giant cockroach.

Vanquished Creatures
  A ball python (D:1)
  4 giant cockroaches (D:1)
  A hobgoblin (D:1)
6 creatures vanquished.

Notes
Turn   | Place    | Note
-------+----------+-------------------------------------------
     0 | D:1      | Morbidden the Demonspawn Fighter began the quest for the
                  | Orb.
     0 | D:1      | Reached XP level 1. HP: 18/18 MP: 1/1
    12 | D:1      | Found Zuexzeiq's Jewellery Emporium.
   103 | D:1      | Gained mutation: Your touch may inflict minor irresistible
                  | damage on your foes. [demonic ancestry]
   103 | D:1      | Reached XP level 2. HP: 24/24 MP: 2/2
   105 | D:1      | Quit the game

Illustrated notes

Levels and vault maps discovered:
D:1:      eino_arrival_water_cross, layout_basic, serial_shops, shop,
          nicolae_shop_crystal, minmay_worlds_worst_comb

Skill      XL: |  1 |
---------------+----+-----
Shields        | 3 |  3.0
Fighting       | |  3.2
Long Blades    | |  1.7
Armour         | |  2.7

Action                   || total
-------------------------++-------
Melee: Long sword        ||    25
Armor: Scale mail        ||    19
Dodge: Dodged            ||    17
Block: Buckler           ||    11

Table legend: (Time is in decaauts)
 A = Elapsed time spent in this place.
 B = Non-inter-level travel time spent in this place.
 C = Inter-level travel time spent in this place.
 D = Time resting spent in this place.
 E = Time spent auto-exploring this place.
 F = Levels seen in this place.
 G = Mean time per level.
                   A        B        C        D        E       F      G
               +--------+--------+--------+--------+--------+-----+--------+
         Total |    113 |    113 |      0 |      0 |     69 |   1 |  113.0 |
       Dungeon |    113 |    113 |      0 |      0 |     69 |   1 |  113.0 |
               +--------+--------+--------+--------+--------+-----+--------+

Top non-repeatable levels by time:
     D:1: 113 daAuts
